 Dungeon Crawl Stone Soup version 0.31-a0-833-gc15d34cb79 (webtiles) character file.

Game seed: 498346990468914289

124043 yegreS the Executioner (level 16, -16/145 HPs)
             Began as a Minotaur Fighter on Sept 25, 2023.
             Was a High Priest of Cheibriados.
             Demolished by a salamander
             ... wielding a +2 trident of distortion
              (21 damage)
             ... on level 4 of the Snake Pit.
             The game lasted 00:15:19 (22836 turns).

yegreS the Executioner (Minotaur Fighter)          Turns: 22836, Time: 00:15:20

Health: -16/145    AC: 32    Str: 40    XL:     16   Next: 38%
Magic:  11/21      EV:  6    Int: 19    God:    Cheibriados [*****.]
Gold:   668        SH:  0    Dex: 25    Spells: 15/15 levels left

rFire   + . .        a - +5 executioner's axe (venom)
rCold   . . .        (shield currently unavailable)
rNeg    . . .        x - +2 plate armour {rF+}
rPois   +            (helmet restricted)
rElec   .            p - +2 cloak {Will+}
rCorr   .            D - +1 pair of gloves
SInv    .            Q - +2 pair of boots {Stlth+}
Will    +++..        O - amulet of the acrobat Stlth
                     e - +4 ring of protection
HPRegen 0.44/turn    R - ring of poison resistance
MPRegen 0.17/turn

%: random rage (9%), acrobat
@: lethally poisoned (-16 -> -29), constricted, studying Ice Magic, very slow
A: horns 2, retaliatory headbutt, berserk 2, frail 1, low MP 1, strong-willed 1,
screaming 1, teleportitis 1, weak 1
a: Renounce Religion, Bend Time, Temporal Distortion, Slouch, Step From Time


You were on level 4 of the Snake Pit.
You worshipped Cheibriados.
Cheibriados was extremely pleased with you.
You visited 5 branches of the dungeon, and saw 24 of its levels.
You visited the Abyss 1 time.
You also visited: Bailey.

You collected 2458 gold pieces.
You spent 1790 gold pieces at shops.

Inventory:

Hand Weapons
 a - a +5 executioner's axe of venom (weapon)
 b - a +2 flail of distortion
 w - a +1 war axe
Missiles
 k - 9 javelins {+f}
 G - 4 silver javelins {+f}
Armour
 p - a +2 cloak of willpower (worn)
 x - a +2 plate armour of fire resistance (worn)
 z - a +0 plate armour
 D - a +1 pair of gloves (worn)
 P - a +1 plate armour of cold resistance
 Q - a +2 pair of boots of stealth (worn)
 V - a +0 buckler
Jewellery
 e - a +4 ring of protection (left hand)
 g - a +4 ring of protection
 q - a ring of protection from cold
 B - the ring "Sotrehub" {+Blink rN+ Str+6 Stlth+}
   (You found it on level 5 of the Dungeon)

   [ring of strength]

   Str+6:     It affects your strength (+6).
   rN+:       It protects you from negative energy.
   +Blink:    It lets you blink.
   Stlth+:    It makes you more stealthy.
 E - a ring of see invisible
 K - a ring of protection from cold
 L - a +6 ring of intelligence
 O - an amulet of the acrobat (around neck)
 R - a ring of poison resistance (right hand)
 W - an amulet of magic regeneration
Wands
 c - a wand of light (7)
 t - a wand of paralysis (7)
 v - a wand of digging (2)
 Y - a wand of mindburst (8)
Scrolls
 d - 2 scrolls of poison
 f - 3 scrolls of blinking {@r4}
 i - 3 scrolls of teleportation {@r3}
 o - 3 scrolls of amnesia
 y - 4 scrolls of torment
 F - 2 scrolls of fear
 I - 2 scrolls of fog {@r2}
 S - 2 scrolls of summoning
 U - 3 scrolls of identify {@r1}
 X - 4 scrolls of revelation {@r5}
Potions
 h - a potion of resistance
 j - 3 potions of magic
 l - 2 potions of attraction
 m - 2 potions of brilliance
 n - a potion of curing {@q2}
 r - 5 potions of heal wounds {@q1}
 s - 5 potions of lignification
 A - a potion of enlightenment
 H - 4 potions of might {@q3}
 J - a potion of degeneration
 M - a potion of haste {@q5}
 T - 2 potions of invisibility


   Skills:
 + Level 20.0 Fighting
 * Level 21.4 Axes
 + Level 15.0 Armour
 - Level 3.6 Shields
 - Level 12.0 Invocations


You had 15 spell levels left.
You didn't know any spells.
Your spell library contained the following spells:

 Spells                   Type           Power      Damage    Failure   Level
 Foxfire                  Conj/Fire      0%         2x1d4     58%         1
 Dazzling Flash           Conj/Hex       0%         N/A       92%         3
 Ignite Poison            Fire/Tmut/Pois 0%         N/A       92%         3
 Inner Flame              Hex/Fire       0%         N/A       92%         3
 Ozocubu's Armour         Ice            0%         N/A       92%         3
 Stone Arrow              Conj/Erth      0%         3d7       92%         3
 Tukima's Dance           Hex            0%         N/A       92%         3
 Animate Dead             Necr           0%         N/A       100%        4
 Manifold Assault         Tloc           0%         N/A       100%        4
 Passage of Golubria      Tloc           0%         N/A       100%        4
 Sticky Flame             Conj/Fire      0%         2d3       100%        4
 Borgnjor's Vile Clutch   Necr/Erth      0%         N/A       100%        5
 Yara's Violent Unravell  Hex/Tmut       0%         3d3       100%        5
 Death Channel            Necr           0%         N/A       100%        6
 Dispersal                Tloc           0%         N/A       100%        6
 Plasma Beam              Fire/Air       0%         2x1d10    100%        6
 Starburst                Conj/Fire      0%         6d3       100%        6
 Enfeeble                 Hex            0%         N/A       100%        7
 Malign Gateway           Summ/Tloc      0%         N/A       100%        7
 Disjunction              Tloc           0%         N/A       100%        8
 Ignition                 Fire           0%         3d3       100%        8
 Lehudib's Crystal Spear  Conj/Erth      0%         10d2      100%        8
 Summon Horrible Things   Summ           0%         N/A       100%        8


Dungeon Overview and Level Annotations

Branches:
Dungeon (12/15)            Temple (1/1) D:7            Lair (5/5) D:11
 Shoals (0/4) Lair:3        Snake (4/4) Lair:2        Slime (0/5) Lair:5
    Orc (2/2) D:9             Elf (0/3) Orc:2        Bailey (visited)

Altars:
Ashenzari
Cheibriados
Dithmenos
Elyvilon
Fedhas
Gozag
Hepliaklqana
Kikubaaqudgha
Makhleb
Nemelex Xobeh
Okawaru
Qazlal
Ru
Sif Muna
Trog
Uskayaw
Vehumet
Wu Jian
Xom
Yredelemnul
Zin
The Shining One
Jiyva

Shops:
D:7 :   Orc:2 [*=(   Snake:1 ?   Snake:4 =

Annotations:
Lair:5 1 runed translucent door


Innate Abilities, Weirdness & Mutations

You have a pair of horns on your head.
You reflexively headbutt those who attack you in melee.
You have an uncontrollable temper.
You are frail. (-10% HP)
Your magical capacity is low. (-10% MP)
You are strong-willed. (Will+)
You occasionally shout uncontrollably at your foes.
You are occasionally teleported next to monsters.
You are weak. (Str -2)


Message History

The naga sharpshooter blinks!
The naga blinks!
The naga sharpshooter blinks!
The shock serpent misses you. The naga ritualist spits poison at you.
The splash of poison hits you but does no damage.
You resist.
The salamander mystic points at the nagaraja and mumbles some strange words.
The nagaraja seems to speed up.
You hear a shout!
Activating: Slouch (1% risk of failure)
Press: ? - help, Dir - look around, f - activate You can feel time thicken for a moment.
You kill the shock serpent!
Cheibriados appreciates the change of pace.
You kill the guardian serpent!
Cheibriados thoroughly appreciates the change of pace.
Cheibriados lowers the support of your attributes as your movement quickens.
You feel sick.
You are more poisoned.
The naga spits poison at you.
The splash of poison hits you but does no damage.
You are more poisoned.
You resist. The naga hits you but does no damage. The naga grabs you.
The naga constricts you.
The naga sharpshooter unwields a +0 glaive.
The naga sharpshooter wields a +0 shortbow.
The naga sharpshooter shoots an arrow.
The arrow hits you!
* * * LOW HITPOINT WARNING * * *
The naga mage spits poison at you. The splash of poison hits you. You resist.
* * * LOW HITPOINT WARNING * * *
The naga sharpshooter unwields a +0 trident.
The naga sharpshooter wields a +0 shortbow.
The naga sharpshooter gestures wildly while chanting.
The naga sharpshooter magically shoots an arrow.
The arrow hits you!
* * * LOW HITPOINT WARNING * * *
The naga ritualist hits you but does no damage.
The salamander hits you but does no damage.
Space warps horribly around you!!
You die...

####
####.....
###NN.N....
#.N@†N.....
#.NNNN§...#
#........###
#.....##†.#
#....##


NN. #...## .. #..## N ... You could see 2 nagarajas, 2 naga sharpshooters, a
salamander mystic, 2 salamanders, a naga ritualist (toxic aura, catching
breath), 2 naga magi and 2 nagas.

Vanquished Creatures
  Saint Roka (Orc:2)
  A tentacled monstrosity (Abyss:4)
  Rupert (Orc:2)
  Asterion (Snake:1)
  A lich (Abyss:3)
  2 tentacled starspawn (Abyss:4)
  A nagaraja (Snake:4)
  The ghost of Tombo the Severer, a journeyman MiBe of Trog (Snake:2)
  An orc warlord (Orc:2)
  A very ugly thing (Abyss:4)
  A lorocyproca (Abyss:3)
  An ettin (Orc:1)
  An elf skeleton (Abyss:1)
  A salamander tyrant (Snake:2)
  A boulder beetle (Orc:2)
  A catoblepas (Lair:2)
  2 hydras
  4 anacondas
  8 death yaks
  A merfolk avatar (Lair:5)
  An orc high priest (Orc:2)
  7 naga sharpshooters
  7 naga warriors
  2 thrashing horrors (Abyss:4)
  Urug (Orc:2)
  3 skysharks
  A wretched star (Abyss:3)
  Nergalle (D:11)
  10 shock serpents
  A salamander mystic (Snake:2)
  A sea snake (Lair:5)
  6 naga ritualists
  2 harpies (Lair:5)
  5 orc knights (Orc:2)
  2 orc sorcerers (Orc:2)
  10 mana vipers
  A manticore (D:11)
  12 salamanders
  31 black mambas
  18 elephants
  2 guardian serpents (Snake:4)
  12 naga magi
  A water nymph (Lair:3)
  2 torpor snails
  A gargoyle (D:12)
  13 cane toads
  Psyche (D:11)
  2 unseen horrors
  A freezing wraith (Abyss:3)
  6 komodo dragons
  9 rime drakes
  2 ice devils (Lair:4)
  6 trolls
  A wind drake (Lair:5)
  5 polar bears
  5 raiju
  A snapping turtle (Lair:5)
  33 blink frogs
  3 hornets
  Prince Ribbit (Lair:2)
  Sigmund (D:2)
  2 ynoxinuls (Abyss:3)
  A small abomination (Abyss:4)
  A wraith (D:11)
  31 yaks
  7 large abominations
  A dire elephant simulacrum (Lair:4)
  Eustachio (D:4)
  2 basilisks
  2 neqoxecs
  6 wyverns
  2 steam dragons
  A death yak simulacrum (Lair:4)
  3 wargs
  31 nagas
  13 water moccasins
  30 orc warriors
  3 ice beasts
  A black bear (Lair:4)
  A sky beast (D:6)
  7 ogres
  30 wolves
  4 centaurs
  3 kobold brigands
  10 bullfrogs
  2 two-headed ogre simulacra (Lair:4)
  2 scorpions
  13 wights
  7 killer bees (D:11)
  3 electric eels (Snake:3)
  5 howler monkeys
  A jelly (D:8)
  16 orc priests
  Crazy Yiuf (D:4)
  4 iron imps
  2 iguanas
  24 orc wizards
  A troll simulacrum (Lair:4)
  A polar bear simulacrum (Lair:4)
  4 adders
  A dart slug (D:1)
  86 orcs
  6 ball pythons
  7 endoplasms
  A giant cockroach (D:1)
  5 goblins
  5 hobgoblins
  25 kobolds
  2 quokkas
  3 bats (D:2)
  A frilled lizard (D:3)
  5 rats
  3 spectral weapons (Snake:1)
  3 starspawn tentacles (Abyss:4)
694 creatures vanquished.

Vanquished Creatures (others)
  A starspawn tentacle (Abyss:4)
1 creature vanquished.

Grand Total: 695 creatures vanquished

Notes
Turn   | Place    | Note
-------+----------+-------------------------------------------
     0 | D:1      | yegreS the Minotaur Fighter began the quest for the Orb.
     0 | D:1      | Reached XP level 1. HP: 19/19 MP: 0/0
    44 | D:1      | Reached XP level 2. HP: 21/27 MP: 1/1
    48 | D:1      | Reached skill level 3 in Axes
   492 | D:1      | Reached XP level 3. HP: 34/34 MP: 2/2
   586 | D:2      | Noticed Sigmund
   599 | D:2      | Killed Sigmund
   600 | D:2      | Reached skill level 5 in Fighting
   600 | D:2      | Reached skill level 5 in Axes
   600 | D:2      | Reached XP level 4. HP: 42/44 MP: 3/3
   600 | D:2      | Reached XP level 5. HP: 47/50 MP: 4/4
  1231 | D:3      | Found the +7 staff of the Meek {protect, meekguard}
  1491 | D:4      | Found a white marble altar of Elyvilon.
  1722 | D:4      | Reached XP level 6. HP: 46/57 MP: 5/5
  1832 | D:4      | Noticed Eustachio
  1855 | D:4      | Killed Eustachio
  1856 | D:4      | Reached skill level 6 in Axes
  1952 | D:4      | Found a runed translucent door.
  1953 | D:4      | Noticed Crazy Yiuf
  2213 | D:4      | Found a broken altar of Ashenzari.
  2286 | D:4      | Killed Crazy Yiuf
  2352 | D:5      | Entered Level 5 of the Dungeon
  2364 | D:5      | Found a shimmering altar of Xom.
  2585 | D:5      | Reached XP level 7. HP: 65/66 MP: 6/6
  2597 | D:5      | Reached skill level 7 in Axes
  2911 | D:5      | Found an opulent altar of Gozag.
  3086 | D:5      | Identified the ring "Sotrehub" {+Blink rN+ Str+6 Stlth+}
  3205 | D:5      | Found a basalt altar of Yredelemnul.
  3205 | D:5      | Found a shimmering blue altar of Sif Muna.
  3363 | D:6      | Found a sparkling altar of Nemelex Xobeh.
  3496 | D:6      | Reached skill level 8 in Axes
  3650 | D:6      | Reached XP level 8. HP: 73/75 MP: 7/7
  4213 | D:7      | Reached skill level 9 in Axes
  4250 | D:7      | Found a staircase to the Ecumenical Temple.
  4259 | Temple   | Entered the Ecumenical Temple
  4271 | Temple   | Became a worshipper of Cheibriados the Contemplative
  4301 | D:7      | Found an iron altar of Okawaru.
  4409 | D:7      | Reached skill level 10 in Fighting
  4606 | D:7      | Reached skill level 10 in Axes
  5106 | D:7      | Reached XP level 9. HP: 51/86 MP: 8/8
  5314 | D:7      | Found Piczopti's Book Emporium.
  5320 | D:7      | Noticed a komodo dragon
  5329 | D:7      | Killed a komodo dragon
  5684 | D:8      | Reached skill level 11 in Axes
  5705 | D:8      | Found a flagged portal.
  5720 | Bailey   | Entered a bailey
  5798 | D:8      | Reached * piety under Cheibriados
  5934 | D:8      | Found a bloodstained altar of Trog.
  6279 | D:9      | Reached skill level 12 in Axes
  6393 | D:9      | Noticed a troll
  6403 | D:9      | Killed a troll
  6412 | D:9      | Reached ** piety under Cheibriados
  6420 | D:9      | Reached XP level 10. HP: 44/100 MP: 9/9
  6588 | D:9      | Found a staircase to the Orcish Mines.
  6739 | D:9      | Found an ancient bone altar of Kikubaaqudgha.
  6894 | D:9      | Found a burning altar of Makhleb.
  6972 | D:10     | Entered Level 10 of the Dungeon
  7047 | D:10     | Reached skill level 13 in Axes
  7143 | D:10     | Found a stormy altar of Qazlal.
  7430 | D:10     | Identified the +9 dagger "Jiopygho" {freeze, *Corrode rPois
                  | Str+9 Int+7}
  7492 | D:10     | Identified the +1 ring mail of the Sky {Rampage}
  7522 | D:10     | Found an ornate altar of the Wu Jian Council.
  8003 | D:11     | Noticed a manticore
  8010 | D:11     | Reached *** piety under Cheibriados
  8016 | D:11     | Killed a manticore
  8044 | D:11     | Noticed Psyche
  8053 | D:11     | Killed Psyche
  8132 | D:11     | Found a staircase to the Lair.
  8172 | D:11     | Reached skill level 14 in Axes
  8336 | D:11     | Noticed Nergalle
  8348 | D:11     | Killed Nergalle
  8349 | D:11     | Reached skill level 1 in Invocations
  8530 | D:11     | Reached XP level 11. HP: 91/111 MP: 11/11
  8832 | D:12     | Reached **** piety under Cheibriados
  8875 | Lair:1   | Entered Level 1 of the Lair of Beasts
  9558 | Lair:2   | Identified the +6 rapier of Washya {flame, Int+3}
  9587 | Lair:2   | Reached skill level 5 in Armour
  9783 | Lair:2   | Reached skill level 15 in Fighting
 10207 | Lair:2   | Reached skill level 15 in Axes
 10213 | Lair:2   | Found a staircase to the Snake Pit.
 10222 | Lair:2   | Reached ***** piety under Cheibriados
 10322 | Lair:2   | Noticed a catoblepas
 10356 | Lair:2   | Killed a catoblepas
 10575 | Lair:2   | Noticed Prince Ribbit
 10586 | Lair:2   | Killed Prince Ribbit
 10892 | Lair:2   | Reached skill level 5 in Invocations
 11111 | Lair:3   | Reached XP level 12. HP: 121/121 MP: 14/14
 11726 | Lair:3   | Reached skill level 16 in Axes
 11834 | Lair:3   | Noticed a death yak
 11834 | Lair:3   | Noticed a death yak
 11843 | Lair:3   | Killed a death yak
 11849 | Lair:3   | Killed a death yak
 12177 | Lair:4   | Noticed a death yak
 12178 | Lair:4   | Noticed a death yak
 12179 | Lair:4   | Noticed a death yak
 12182 | Lair:4   | Noticed a death yak
 12186 | Lair:4   | Killed a death yak
 12187 | Lair:4   | Noticed a six-headed hydra
 12188 | Lair:4   | Killed a death yak
 12189 | Lair:4   | Killed a death yak
 12189 | Lair:4   | Killed a death yak
 12190 | Lair:4   | Reached XP level 13. HP: 122/130 MP: 12/17
 12197 | Lair:4   | Reached skill level 10 in Armour
 12428 | Lair:4   | Reached skill level 17 in Axes
 13595 | Lair:5   | Entered Level 5 of the Lair of Beasts
 13619 | Lair:5   | Found a runed translucent door.
 13619 | Lair:5   | Found a viscous altar of Jiyva.
 13619 | Lair:5   | Found a staircase to the Slime Pits.
 14100 | Lair:5   | Reached XP level 14. HP: 141/141 MP: 18/20
 14385 | Lair:5   | Reached ****** piety under Cheibriados
 14607 | Lair:5   | Found the +7 captain's cutlass {speed, disarm}
 14736 | Lair:5   | Got a curling book
 15030 | Orc:1    | Entered Level 1 of the Orcish Mines
 15194 | Orc:2    | Entered Level 2 of the Orcish Mines
 15333 | Orc:2    | Noticed Rupert
 15342 | Orc:2    | Killed Rupert
 15343 | Orc:2    | Reached skill level 18 in Axes
 15481 | Orc:2    | Reached skill level 10 in Invocations
 15500 | Orc:2    | Found a staircase to the Elven Halls.
 15506 | Orc:2    | Identified a scroll of acquirement
 15709 | Orc:2    | Paralysed by an orc sorcerer for 5 turns
 15723 | Orc:2    | Noticed an orc warlord
 15759 | Orc:2    | Acquired a +2 executioner's axe of venom
 15903 | Orc:2    | Killed an orc warlord
 15911 | Orc:2    | Found Olunguef's Antique Armour Shop.
 15916 | Orc:2    | Noticed Saint Roka
 15925 | Orc:2    | Killed Saint Roka
 15941 | Orc:2    | Noticed Urug
 16142 | Orc:2    | Found Womab's Antique Weapon Shop.
 16343 | Orc:2    | Killed Urug
 16443 | Orc:2    | Found Piem's Jewellery Shop.
 16457 | Orc:2    | Found Xisicot's General Store.
 16465 | Orc:2    | Bought a scroll of teleportation for 39 gold pieces
 16465 | Orc:2    | Bought 2 scrolls of identify for 52 gold pieces
 16596 | Orc:2    | Bought a glowing plate armour for 1014 gold pieces
 16596 | Orc:2    | Bought a pair of runed boots for 292 gold pieces
 17003 | Orc:2    | Bought a ring of poison resistance for 260 gold pieces
 17148 | Snake:1  | Entered Level 1 of the Snake Pit
 17444 | Snake:1  | Noticed Asterion
 17447 | Snake:1  | Noticed a cacodemon
 17451 | Snake:1  | Gained mutation: You are frail. (-10% HP) [a cacodemon]
 17451 | Snake:1  | HP: 4/129 [Asterion/orb of electricity (19)]
 17452 | Snake:1  | Killed Asterion
 17535 | Snake:1  | Reached skill level 19 in Axes
 17618 | Snake:1  | Reached XP level 15. HP: 39/135 MP: 22/22
 17877 | Snake:1  | Found Hemolaups's Magic Scroll Shoppe.
 17883 | Snake:1  | Bought a scroll of summoning for 133 gold pieces
 20268 | Snake:2  | Reached skill level 20 in Axes
 20768 | Snake:2  | Found a runed translucent door.
 20769 | Snake:2  | Noticed Tombo's ghost (journeyman MiBe)
 20826 | Snake:2  | Killed Tombo's ghost
 21543 | Snake:4  | Entered Level 4 of the Snake Pit
 21645 | Snake:4  | Found Quejia's Jewellery Boutique.
 21782 | Abyss:1  | Found a corrupted altar of Lugonu.
 21782 | Abyss:1  | Cast into level 1 of the Abyss (naga)
 21923 | Abyss:1  | Found a corrupted altar of Lugonu.
 21954 | Abyss:1  | Found a corrupted altar of Lugonu.
 21998 | Abyss:2  | Gained mutation: You are weak. (Str -2) [a neqoxec]
 22003 | Abyss:2  | Reached XP level 16. HP: 144/144 MP: 23/23
 22025 | Abyss:3  | Gained mutation: You have hidden genetic defects.
                  | [mutagenic glow]
 22038 | Abyss:3  | Gained mutation: You are very weak. (Str -4) [mutagenic
                  | glow]
 22054 | Abyss:3  | Lost mutation: You are very weak. (Str -4) [mutagenic glow]
 22064 | Abyss:3  | Gained mutation: You sometimes lose your temper in combat.
                  | [mutagenic glow]
 22080 | Abyss:3  | Gained mutation: You are occasionally teleported next to
                  | monsters. [mutagenic glow]
 22088 | Abyss:3  | Gained mutation: Your body sometimes deteriorates upon
                  | taking damage. [mutagenic glow]
 22102 | Abyss:3  | Gained mutation: Your magical capacity is low. (-10% MP)
                  | [mutagenic glow]
 22112 | Abyss:3  | Lost mutation: Your body sometimes deteriorates upon taking
                  | damage. [mutagenic glow]
 22141 | Abyss:3  | Noticed a lich
 22148 | Abyss:3  | Killed a lich
 22351 | Abyss:3  | Noticed a tentacled starspawn
 22388 | Abyss:4  | Noticed a tentacled monstrosity
 22393 | Abyss:4  | Killed a tentacled monstrosity
 22403 | Abyss:4  | Noticed a tentacled starspawn
 22410 | Abyss:4  | Killed a tentacled starspawn
 22411 | Abyss:4  | Reached skill level 21 in Axes
 22437 | Abyss:4  | Gained mutation: You are dopey. (Int -2) [a neqoxec]
 22440 | Abyss:4  | Gained mutation: You have an uncontrollable temper. [a
                  | neqoxec]
 22444 | Abyss:4  | Noticed a tentacled starspawn
 22450 | Abyss:4  | Killed a tentacled starspawn
 22470 | Abyss:4  | Gained mutation: You occasionally shout uncontrollably at
                  | your foes. [hidden defects]
 22472 | Snake:4  | Escaped the Abyss
 22634 | Snake:4  | Lost mutation: You have hidden genetic defects. [potion of
                  | mutation]
 22634 | Snake:4  | Lost mutation: You are dopey. (Int -2) [potion of mutation]
 22634 | Snake:4  | Gained mutation: You are strong-willed. (Will+) [potion of
                  | mutation]
 22770 | Snake:4  | Reached skill level 15 in Armour
 22836 | Snake:4  | HP: 5/145 [naga sharpshooter/arrow (13)]
 22836 | Snake:4  | Demolished by a salamander

Illustrated notes

Levels and vault maps discovered:
D:1:      dpeg_chamrin_arrival_tetris, layout_loops_ring
D:2:      layout_rooms, uniq_sigmund
D:3:      layout_rooms, pf_guarded_unrand_meek
D:4:      nicolae_BIG_FREAKIN_CUBE, layout_rooms,
          mainiacjoe_overflow_cross_hatched, lemuel_tele_altar, serial_bayou,
          serial_bayou_pond_b, serial_bayou_lagoon_b, serial_bayou_pond_d,
          corexii_item_surrounded_by_moat, minmay_misc_feat_encased,
          uniq_crazy_yiuf_cottage, uniq_eustachio
D:5:      layout_loops_ring, xom_teletrap_fun, grunt_gozag_statues,
          gammafunk_temple_overflow_wave
D:6:      layout_cave_pods, nemelex_xobeh_ov_fountains_minmay
D:7:      layout_basic, mainiacjoe_overflow_boulevard,
          minmay_temple_entry_poolview, serial_shops, shop
D:8:      layout_rooms, lightli_temple_of_fire, enter_bailey_4
D:9:      layout_basic, demons_altar, kiku_gazebo_garden_becter, orc_0_dummy,
          grunt_ministairs_15
D:10:     layout_loops_cross, grunt_qazlal_clouds, nzn_wu_jian_council_hall
D:11:     layout_stronghold, lair_entry_dummy, eino_jars, uniq_psyche,
          uniq_nergalle
D:12:     layout_loops_ring, uniq_fannar
Temple:   compressed_dpeg_triangle_lava_temple
Lair:1:   layout_gridlike, special_room
Lair:2:   layout_cave_pods, minmay_snake_entry_guardpost_small,
          uniq_prince_ribbit2
Lair:3:   layout_chaotic_city, nicolae_shoals_entry_flooding
Lair:4:   dreamdust_isle_of_ice, layout_cave_pods, beast_lair_carwin_2
Lair:5:   gammafunk_lair_ancient_temple, layout_small_grid, slime_entry_2,
          chequers_serial_rivers_marsh, nicolae_quartered_pool_little,
          grunt_forest_large_clearing_hut
Snake:1:  layout_layer_cave, serial_shops, shop, uniq_asterion
Snake:2:  cheibrodos_snake_ritualist_ritual, layout_cave_town,
          hellmonk_ghost_happy_afterlife
Snake:3:  layout_rooms, serial_shops, nicolae_shop_dealshenge, drop_trap,
          nicolae_snake_bzzzt, serial_bayou_shore_b
Snake:4:  snake_pit, layout_misc_corridors, serial_shops, shop,
          grunt_ministairs_9
Orc:1:    layout_caves
Orc:2:    grunt_orc_cross, layout_caves, rock_pile, uniq_saint_roka, uniq_urug,
          uniq_rupert

Skill      XL: |  1  2  3  4  5  6  7  8  9 10 11 12 13 14 15 16 |
---------------+-------------------------------------------------+-----
Fighting       | 4 5 6 7 8 10 12 14 15 16 17 18 19 20 | 20.0
Axes           | 3 5 6 8 10 12 14 15 16 17 19 20 21 | 21.4
Invocations    | 1 5 7 9 10 11 12 | 12.0
Armour         | 7 9 11 13 14 15 | 15.0
Shields        | |  3.6

Action                     |  1- 3 |  4- 6 |  7- 9 | 10-12 | 13-15 | 16-18 || total
---------------------------+-------+-------+-------+-------+-------+-------++-------
  Melee: War axe           |    61 |    93 |   205 |   403 |   423 |       ||  1185
         Headbutt          |    11 |     6 |    39 |    91 |   187 |    22 ||   356
         Executioner's axe |       |       |       |       |   324 |    98 ||   422
 Invoke: Temporal Distorti |       |       |       |     1 |       |       ||     1
         Slouch            |       |       |       |     4 |    12 |     3 ||    19
    Use: Potion            |     1 |       |       |     1 |     5 |     7 ||    14
         Scroll            |       |     5 |     8 |     5 |    16 |     1 ||    35
   Stab: Invisible         |       |       |       |       |     7 |       ||     7
         Distracted        |       |       |       |       |       |     1 ||     1
 Armour: Scale mail        |    31 |       |       |       |       |       ||    31
         Chain mail        |    29 |    67 |    84 |       |       |       ||   180
         Plate armour      |       |       |   118 |   383 |   743 |   136 ||  1380
  Dodge: Dodged            |    16 |    27 |   115 |   181 |   498 |    91 ||   928
  Block: Buckler           |     7 |    19 |    42 |   118 |   134 |       ||   320

Table legend: (Time is in decaauts)
 A = Elapsed time spent in this place.
 B = Non-inter-level travel time spent in this place.
 C = Inter-level travel time spent in this place.
 D = Time resting spent in this place.
 E = Time spent auto-exploring this place.
 F = Levels seen in this place.
 G = Mean time per level.
                   A        B        C        D        E       F      G
               +--------+--------+--------+--------+--------+-----+--------+
         Total |  30112 |  27979 |   2133 |    183 |  23824 |  29 | 1038.3 |
       Dungeon |  10314 |   9414 |    900 |      0 |   8080 |  12 |  859.5 |
        Temple |     26 |      5 |     21 |      0 |      1 |   1 |   26.0 |
          Lair |   9051 |   8548 |    503 |      0 |   7476 |   5 | 1810.2 |
     Snake Pit |   6854 |   6498 |    356 |    101 |   5592 |   4 | 1713.5 |
  Orcish Mines |   2998 |   2647 |    351 |     36 |   2147 |   2 | 1499.0 |
         Abyss |    806 |    806 |      0 |     45 |    480 |   4 |  201.5 |
        Bailey |     60 |     60 |      0 |      0 |     47 |   1 |   60.0 |
               +--------+--------+--------+--------+--------+-----+--------+

Top non-repeatable levels by time:
 Snake:1: 2815 daAuts
  Lair:2: 2347 daAuts
 Snake:2: 2310 daAuts
   Orc:2: 2206 daAuts
  Lair:4: 1997 daAuts
  Lair:5: 1799 daAuts
  Lair:3: 1702 daAuts
    D:11: 1530 daAuts
     D:7: 1502 daAuts
  Lair:1: 1204 daAuts
    D:10: 1138 daAuts
     D:6: 990 daAuts
     D:5: 967 daAuts
     D:9: 966 daAuts
     D:4: 955 daAuts
